Map: Ley Lines

Players

SubN - Winner!

  • Race: Zerg Zerg
  • Spawn Location: 7:00

Tricosetra

  • Race: Zerg Zerg
  • League: Master
  • Spawn Location: 1:00

VOD

Have the link to the VOD?

Description

Time

  • Played on: July 13, 2025, 1:53 p.m.
  • Length: 4:00
Show
View Real Time Build Order
Export as new Build Order

SubN Zerg - Winner!

Build Orders: Pool First 

Get SALT Encoding   

  12  0:00  Drone  
  13  0:09  Drone  
  14  0:24  Spawning Pool  
  13  0:31  Extractor  
  12  0:57  Hatchery  
  12  1:03  Overlord  
  11  1:19  Queen  
  11  1:25  Zergling x2  
  14  1:31  Zergling x2  
  15  1:36  Zergling x2  
  16  1:51  Metabolic Boost  
  16  1:54  Zergling x2  
  17  1:58  Zergling x2  
  18  2:03  Zergling x2  
  19  2:20  Queen  
  21  2:25  Zergling x2  
  21  2:29  Zergling x2  
  23  2:33  Zergling x2  
  24  2:38  Zergling x2  
  25  2:45  Zergling x2  
  25  2:50  Zergling x2  
  27  2:52  Zergling x2  
  28  3:02  Overlord  
  26  3:28  Zergling x10  
  26  3:29  Zergling x2  
  32  3:40  Zergling x4  
Show
View Real Time Build Order
Export as new Build Order

Tricosetra Zerg 

Build Orders: Hatch First 

Get SALT Encoding   

  12  0:02  Drone  
  13  0:12  Overlord  
  13  0:17  Drone  
  14  0:30  Drone x2  
  16  0:36  Drone  
  17  0:52  Hatchery  
  16  1:05  Spawning Pool  
  16  1:09  Extractor  
  16  1:10  Drone  
  15  1:13  Drone  
  16  1:18  Drone  
  16  1:21  Drone  
  18  1:44  Drone  
  19  1:47  Drone  
  19  1:51  Hatchery  
  19  2:00  Queen  
  21  2:11  Queen  
  23  2:22  Drone  
  24  2:23  Drone x2  
  24  2:25  Drone  
  24  2:28  Drone  
  28  2:33  Extractor  
  28  2:36  Metabolic Boost  
  27  2:44  Drone  
  27  2:48  Baneling Nest  
  27  2:51  Drone  
  27  2:54  Overlord  
  28  3:08  Drone x4  
  28  3:11  Zergling x2  
  33  3:16  Extractor  
  29  3:21  Spine Crawler  
  29  3:22  Zergling x2  
  29  3:25  Zergling x2  
  26  3:29  Zergling x2  
  26  3:32  Zergling x2  
  28  3:39  Zergling x2  
Tags
 
League
Master
Matchup
ZvZ
Race
Zerg
Replay Pack
2025 replay dump
Spawn Locations
Cross Positions
Add a new tag
Caveats
  • Supply blocks, unpowered buildings, or Contaminate may cause inaccurate times.
  • Supply counts are checked every 10 seconds.